 Dungeon Crawl Stone Soup version 0.30.1-11-g7821555f0a (webtiles) character file.

Game seed: 4770413508804103345

30213 pkoi the Grappler (level 13, -13/102 HPs)
             Began as a Grey Draconian Monk on Nov 15, 2023.
             Was a High Priest of Makhleb.
             Mangled by a wolf (23 damage)
             ... on level 5 of the Lair of Beasts.
             The game lasted 00:41:42 (17862 turns).

pkoi the Grappler (Grey Draconian Monk)            Turns: 17862, Time: 00:41:43

Health: -13/102    AC: 17    Str: 18    XL:     13   Next: 19%
Magic:  23/31      EV:  2    Int: 14    God:    Makhleb [*****.]
Gold:   2236       SH:  0    Dex:  9    Spells: 12/24 levels left

rFire   . .          .
                       - Unarmed
rCold   . . .        G - +2 kite shield
rNeg    . . .        (body armour unavailable)
rPois   .            (helmet restricted)
rElec   .            q - +0 cloak
rCorr   .            m - +1 pair of gloves
SInv    .            j - +0 pair of boots
Will    +....        (no amulet)
Stlth   +            o - ring of the Hare {EV+10}
HPRegen 0.37/turn    I - ring of Atsockeh {Fly Will+ MP+9 Str+3 Dex-5}
MPRegen 0.22/turn

%: no passive effects
@: sleeping, flying, very slightly contaminated, studying Shields
A: AC +13, amphibious, unfitting armour, cold-blooded
a: Renounce Religion, Minor Destruction, Lesser Servant of Makhleb, Major
Destruction, Greater Servant of Makhleb


You were on level 5 of the Lair of Beasts.
You worshipped Makhleb.
Makhleb was extremely pleased with you.
You visited 3 branches of the dungeon, and saw 17 of its levels.
You also visited: Bailey and Gauntlet.

You collected 2236 gold pieces.

Inventory:

Hand Weapons
 F - a +0 short sword of venom
Missiles
 s - 34 poisoned darts
 A - 34 javelins (quivered)
 E - a curare-tipped dart
Armour
 b - an orb of light
 j - a +0 pair of boots (worn)
 m - a +1 pair of gloves (worn)
 q - a +0 cloak (worn)
 G - a +2 kite shield (worn)
Jewellery
 o - the ring of the Hare (left hand) {EV+10}
   (You acquired it on level 6 of the Dungeon)

   [ring of evasion]

   EV:        It affects your evasion (+10).
 I - the ring of Atsockeh (right hand) {Fly Will+ MP+9 Str+3 Dex-5}
   (You found it in a Gauntlet)

   [ring of flight]

   Str:       It affects your strength (+3).
   Dex:       It affects your dexterity (-5).
   MP:        It affects your magic capacity (+9).
   Fly:       It grants you flight.
   Will:      It increases your willpower.
 J - a ring of poison resistance
 K - a ring of flight
 O - a ring of ice
Wands
 d - a wand of polymorph (17)
 h - a wand of acid (1)
 l - a wand of mindburst (8)
 r - a wand of paralysis (12)
 D - a wand of roots (8)
 L - a wand of flame (5)
Scrolls
 g - a scroll of blinking
 i - 9 scrolls of identify
 n - 8 scrolls of teleportation
 t - a scroll of fear
 u - a scroll of summoning
 v - a scroll of amnesia
 x - 3 scrolls of magic mapping
 y - 3 scrolls of enchant armour
 B - 4 scrolls of enchant weapon
 H - 3 scrolls of fog
Potions
 a - 3 potions of ambrosia
 c - 5 potions of heal wounds
 e - a potion of cancellation
 f - 4 potions of curing
 k - 4 potions of resistance
 p - 2 potions of brilliance
 w - a potion of haste
 z - 4 potions of flight
Miscellaneous
 C - a lightning rod (4/4)
 N - a condenser vane


   Skills:
 - Level 6.0 Fighting
 - Level 6.0 Dodging
 + Level 11.9 Shields
 + Level 12.6 Unarmed Combat
 - Level 6.0 Spellcasting
 + Level 6.4 Conjurations
 + Level 7.1 Translocations
 + Level 11.4 Invocations


You had 12 spell levels left.
You knew the following spells:

 Your Spells              Type           Power      Damage    Failure   Level
a - Blink                 Tloc           48%        N/A       2%          2
b - Iskenderun's Mystic   Conj/Tloc      23%        2d6       19%         4
c - Manifold Assault      Tloc           24%        N/A       16%         4
d - Passwall              Tmut/Erth      3%         N/A       41%         2

Your spell library contained the following spells:

 Spells                   Type           Power      Damage    Failure   Level
 Lesser Beckoning         Tloc           48%        N/A       2%          2
 Momentum Strike          Conj/Tloc      46%        3d9       2%          2
 Portal Projectile        Hex/Tloc       28%        N/A       21%         3
 Volatile Blastmotes      Fire/Tloc      28%        2d12      21%         3
 Ensorcelled Hibernation  Hex/Ice        8%         N/A       41%         2
 Fulminant Prism          Conj/Hex       6%         3d6       61%         4
 Call Canine Familiar     Summ           4%         N/A       65%         3
 Spider Form              Tmut/Pois      4%         N/A       65%         3
 Swiftness                Air            4%         N/A       65%         3
 Anguish                  Hex/Necr       2%         N/A       96%         4
 Leda's Liquefaction      Hex/Erth       2%         N/A       96%         4
 Lee's Rapid Deconstruct  Erth           2%         3d4*      100%        5
 Statue Form              Tmut/Erth      2%         N/A       100%        6
 Storm Form               Tmut/Air       2%         N/A       100%        7


Dungeon Overview and Level Annotations

Branches:
Dungeon (11/15)            Temple (1/1) D:6            Lair (5/5) D:9
 Shoals (0/4) Lair:3       Spider (0/4) Lair:2          Orc (0/2) D:9
 Bailey (visited)         Gauntlet (visited)
  Slime: Lair:4-5

Altars:
Ashenzari
Cheibriados
Dithmenos
Elyvilon
Fedhas
Gozag
Hepliaklqana
Kikubaaqudgha
Makhleb
Nemelex Xobeh
Okawaru
Qazlal
Ru
Sif Muna
Trog
Uskayaw
Vehumet
Wu Jian
Xom
Yredelemnul
Zin
The Shining One

Annotations:
D:9 2 transporters, monsoonserge's ghost, novice TrFi
D:11 Maurice


Innate Abilities, Weirdness & Mutations

Your dull iron-grey scales are very hard. (AC +13)
You are amphibious.
You cannot fit into any form of body armour.
You are cold-blooded and may be slowed by cold attacks.


Message History

You fall asleep.
The dream sheep bites you.
You wake up.
* * * LOW HITPOINT WARNING * * *
Unknown command.
The dream sheep attacks as you move away!
The dream sheep bites you but does no damage.
The dream sheep attacks as you move away!
The dream sheep completely misses you. You block the wolf's attack.
The wolf attacks as you move away! You block the wolf's attack. x2
There is a stone staircase leading up here.
Unknown command.
Unknown command.
Okay, then.
Unknown command.
Cast which spell? (? or * to list)
You miscast Iskenderun's Mystic Blast.
You are very lightly contaminated with residual magic.
Nothing appears to happen.
You block the wolf's attack. The dream sheep misses you.
Casting: Iskenderun's Mystic Blast (dangerous; 19% risk of failure)
Confirm with . or Enter, or press ? or * to list all spells.
You erupt in a blast of force!
The mystic blast hits the dream sheep.
The dream sheep is moderately wounded.
The dream sheep is knocked back by the mystic blast.
The mystic blast hits the wolf.
The wolf is moderately wounded.
The wolf is knocked back by the mystic blast.
The mystic blast hits the dream sheep!
The dream sheep is moderately wounded.
The dream sheep is knocked back by the mystic blast.
The dream sheep slams into the rock wall!
The dream sheep is severely wounded.
The mystic blast hits the dream sheep.
The dream sheep is moderately wounded.
The dream sheep is knocked back by the mystic blast.
You hear a bleat!
The dream sheep are wreathed in dream dust.
You feel drowsy...
You fall asleep.
The wolf bites you!!
You die...

.......#..##.........##......#.#.
.......#...#.#.....#.#..#...##
P.....Y.##....####.....##...#####
#...#######..........## ###.#≈≈≈≈
##.## #.###.YY..### #..#.≈.≈
##Y.## #P.##.....## #.......
#..#h# #....#....Y# ##..§...
##...# #.......h$.# ###.≈§§
#!Y.## ##...#⌠Y@.⌠# #≈≈≈. #...Y##
#..##.....# ##≈≈. ##..Y.####.#
#..⌠...# ##§§
##........##.###.### ###
###.Y...##.. . .. ##Y..##.....
... ##....##...# ..# #........#
.## ###.....##


You could see a wolf and 4 dream sheep.

Vanquished Creatures
  A hydra (Lair:5)
  A ghost crab (Gauntlet)
  2 boulder beetles
  2 two-headed ogres
  A sixfirhy (Gauntlet)
  A skyshark (Lair:3)
  3 black mambas
  6 cane toads
  Psyche (D:8)
  Maggie (D:8)
  3 rime drakes
  9 komodo dragons
  A troll (D:10)
  3 hornets
  6 blink frogs
  A dream sheep (Lair:5)
  A wraith (D:10)
  2 wyverns
  36 yaks
  3 basilisks
  An acid dragon (D:8)
  13 water moccasins
  A meliai simulacrum (Gauntlet)
  3 sky beasts
  9 orc warriors (Bailey)
  3 black bears
  An ice beast (D:8)
  10 wolves
  An ogre (D:9)
  15 centaurs
  2 kobold brigands
  8 bullfrogs
  4 scorpions
  6 gnoll sergeants
  8 killer bees
  A howler monkey (D:6)
  5 electric eels
  5 lava snakes (Lair:5)
  3 hounds
  3 jellies
  Crazy Yiuf (D:2)
  A gnoll bouda (D:7)
  5 iguanas
  An orc wizard (D:10)
  2 boggart simulacra (Gauntlet)
  5 adders
  27 gnolls
  3 shadow imps
  2 white imps
  2 ufetubi
  6 worms
  5 dart slugs
  42 orcs
  4 bats
  6 endoplasms
  4 giant cockroaches
  8 goblins
  14 hobgoblins
  2 jackals (D:4)
  2 quokkas
  6 ball pythons
  3 frilled lizards
  6 kobolds
  2 rats
345 creatures vanquished.

Vanquished Creatures (collateral kills)
  A minotaur (Gauntlet)
  A death yak (Lair:2)
  A skyshark (Lair:1)
  2 trolls (D:9)
  8 yaks
  2 kobold brigands (D:9)
  A howler monkey (D:9)
  A gnoll (D:9)
  3 ufetubi (Gauntlet)
  2 orcs (D:9)
  A giant cockroach (Lair:2)
  A rat (D:2)
24 creatures vanquished.

Grand Total: 369 creatures vanquished

Notes
Turn   | Place    | Note
-------+----------+-------------------------------------------
     0 | D:1      | pkoi the Draconian Monk began the quest for the Orb.
     0 | D:1      | Reached XP level 1. HP: 19/19 MP: 1/1
   123 | D:1      | Reached XP level 2. HP: 26/26 MP: 2/2
   302 | D:1      | Reached skill level 4 in Unarmed Combat
   364 | D:1      | Reached XP level 3. HP: 25/31 MP: 3/3
   737 | D:2      | Found a shimmering blue altar of Sif Muna.
  1251 | D:2      | Found a runed translucent door.
  1252 | D:2      | Noticed Crazy Yiuf
  1313 | D:3      | Reached skill level 5 in Unarmed Combat
  1313 | D:3      | Reached XP level 4. HP: 15/38 MP: 4/4
  1537 | D:3      | Reached XP level 5. HP: 33/45 MP: 5/5
  1628 | D:3      | Found a faded altar of an unknown god.
  2038 | D:4      | Identified a scroll of acquirement
  2106 | D:4      | Reached skill level 6 in Unarmed Combat
  2145 | D:4      | Noticed a black bear
  2156 | D:4      | Killed a black bear
  2240 | D:4      | Found an opulent altar of Gozag.
  2240 | D:4      | Found a glowing silver altar of Zin.
  2306 | D:4      | Reached XP level 6. HP: 25/51 MP: 6/6
  2436 | D:4      | Found a burning altar of Makhleb.
  2445 | D:4      | Became a worshipper of Makhleb the Destroyer
  2445 | D:4      | Reached * piety under Makhleb
  2445 | D:4      | Reached ** piety under Makhleb
  2587 | D:4      | Reached skill level 7 in Unarmed Combat
  3130 | D:5      | Entered Level 5 of the Dungeon
  3139 | D:5      | Reached skill level 1 in Invocations
  3802 | D:5      | Your scales start taking on a dull iron-grey colour.
  3802 | D:5      | Reached XP level 7. HP: 55/57 MP: 7/9
  4072 | D:5      | Found a shimmering altar of Xom.
  4076 | D:5      | Found a broken altar of Ashenzari.
  4080 | D:5      | Found a radiant altar of Vehumet.
  4250 | D:6      | Acquired 1061 gold pieces
  4252 | D:6      | Acquired a manual of Shields
  4254 | D:6      | Acquired the ring of the Hare {EV+10}
  4254 | D:6      | Found the ring of the Hare {EV+10}
  4278 | D:6      | Reached skill level 8 in Unarmed Combat
  4684 | D:6      | Found a staircase to the Ecumenical Temple.
  4691 | Temple   | Entered the Ecumenical Temple
  5028 | D:6      | Reached skill level 5 in Invocations
  5028 | D:6      | Reached XP level 8. HP: 58/63 MP: 11/11
  5196 | D:7      | Noticed a hornet
  5337 | D:7      | Reached skill level 9 in Unarmed Combat
  5517 | D:7      | Killed a hornet
  5656 | D:7      | Learned a level 2 spell: Blink
  5715 | D:7      | Found a flagged portal.
  5740 | Bailey   | Entered a bailey
  5759 | Bailey   | Reached *** piety under Makhleb
  5846 | Bailey   | Reached XP level 9. HP: 69/70 MP: 14/14
  5872 | Bailey   | Reached skill level 10 in Unarmed Combat
  5987 | Bailey   | Reached skill level 1 in Spellcasting
  5987 | Bailey   | Reached skill level 1 in Translocations
  6686 | Bailey   | Reached skill level 5 in Fighting
  7246 | D:8      | Noticed Maggie
  7278 | D:8      | Killed Maggie
  7279 | D:8      | Reached XP level 10. HP: 27/81 MP: 16/16
  7555 | D:8      | Noticed Psyche
  7567 | D:8      | Paralysed by a hornet for 3 turns
  7575 | D:8      | Killed Psyche
  7985 | D:8      | You fall into a shaft and drop 1 floor!
  8024 | D:9      | Reached skill level 11 in Unarmed Combat
  8138 | D:9      | Reached skill level 5 in Translocations
  8285 | D:9      | Found a transporter.
  8558 | D:9      | Noticed a two-headed ogre
  8565 | D:8      | Reached skill level 10 in Invocations
  8726 | D:9      | Found a staircase to the Orcish Mines.
  8737 | D:9      | Killed a two-headed ogre
  8751 | D:9      | Reached **** piety under Makhleb
  8753 | D:9      | Reached XP level 11. HP: 50/89 MP: 18/18
  9062 | D:9      | Learned a level 4 spell: Iskenderun's Mystic Blast
  9123 | D:9      | Found a staircase to the Lair.
  9448 | D:9      | Noticed monsoonserge's ghost (novice TrFi)
  9462 | D:9      | Found a transporter.
  9740 | D:10     | Entered Level 10 of the Dungeon
  9785 | D:10     | Noticed a two-headed ogre
  9796 | D:10     | Killed a two-headed ogre
  9797 | D:10     | Reached skill level 1 in Shields
  9797 | D:10     | Reached skill level 1 in Conjurations
 10240 | D:10     | Paralysed by a hornet for 1 turns
 10505 | D:10     | Found an iron altar of Okawaru.
 10869 | D:11     | Noticed Maurice
 10919 | D:11     | Found a gate leading to a gauntlet.
 10926 | Gauntlet | Entered a Gauntlet
 10926 | Gauntlet | Noticed a sixfirhy
 10926 | Gauntlet | Found a transporter.
 10926 | Gauntlet | Found a runed translucent door.
 10926 | Gauntlet | Found a runed translucent door.
 10933 | Gauntlet | Found a transporter.
 10935 | Gauntlet | Found a transporter.
 10946 | Gauntlet | Found a transporter.
 10949 | Gauntlet | Found a transporter.
 10954 | Gauntlet | Noticed a ghost crab
 10958 | Gauntlet | Found a transporter.
 10978 | Gauntlet | Noticed a five-headed hydra
 10979 | Gauntlet | Found a transporter.
 10990 | Gauntlet | Found a transporter.
 11000 | Gauntlet | Noticed a sixfirhy
 11001 | Gauntlet | Noticed a sixfirhy
 11001 | Gauntlet | Noticed a hell beast
 11002 | Gauntlet | Found a transporter.
 11003 | Gauntlet | Noticed a sixfirhy
 11006 | Gauntlet | Noticed a sixfirhy
 11021 | Gauntlet | Found a transporter.
 11035 | Gauntlet | Found a transporter.
 11035 | Gauntlet | Found a transporter.
 11085 | Gauntlet | Found a transporter.
 11100 | Gauntlet | Found a transporter.
 11207 | Gauntlet | Killed a sixfirhy
 11208 | Gauntlet | Reached skill level 12 in Unarmed Combat
 11593 | Gauntlet | Identified the ring of Atsockeh {Fly Will+ MP+9 Str+3
                  | Dex-5}
 11610 | Gauntlet | Noticed a spectral eleionoma
 11610 | Gauntlet | Killed a ghost crab
 11886 | Gauntlet | Noticed a minotaur
 11895 | Gauntlet | HP: 4/89 [minotaur/+2 heavy war axe (16)]
 11896 | Gauntlet | Killed a minotaur
 12389 | D:2      | Killed Crazy Yiuf
 12528 | Lair:1   | Entered Level 1 of the Lair of Beasts
 12749 | Lair:1   | Reached skill level 5 in Shields
 12947 | Lair:1   | Noticed a skyshark
 12966 | Lair:1   | Killed a skyshark
 13043 | Lair:1   | Reached XP level 12. HP: 96/96 MP: 20/20
 13770 | Lair:2   | Found a hole to the Spider Nest.
 13771 | Lair:2   | Noticed a boulder beetle
 13802 | Lair:2   | Killed a boulder beetle
 13816 | Lair:2   | Noticed a death yak
 13816 | Lair:2   | Noticed a death yak
 13941 | Lair:2   | Reached skill level 5 in Spellcasting
 14105 | Lair:2   | Noticed a death yak
 14109 | Lair:2   | Noticed a death yak
 14110 | Lair:2   | Noticed a death yak
 14111 | Lair:2   | Noticed a death yak
 14120 | Lair:2   | Killed a death yak
 14121 | Lair:2   | Reached skill level 5 in Dodging
 14121 | Lair:2   | Reached skill level 10 in Shields
 14912 | Lair:3   | Noticed a boulder beetle
 14948 | Lair:3   | Reached skill level 5 in Conjurations
 15059 | Lair:2   | Learned a level 4 spell: Manifold Assault
 15062 | Lair:2   | Learned a level 2 spell: Passwall
 15126 | Lair:3   | Killed a boulder beetle
 15369 | Lair:3   | Found a staircase to the Shoals.
 16059 | Lair:4   | Reached ***** piety under Makhleb
 16928 | Lair:5   | Entered Level 5 of the Lair of Beasts
 17086 | Lair:5   | Reached XP level 13. HP: 88/102 MP: 22/22
 17862 | Lair:5   | Mangled by a wolf

Illustrated notes

Levels and vault maps discovered:
D:1:      dpeg_arrival_radiant, layout_basic, chequers_avenue, minmay_distorted
D:2:      layout_rooms, basic_altar, minmay_quadrilaterals,
          uniq_crazy_yiuf_cottage
D:3:      layout_loops_ring, chequers_ecumenical_altar_island
D:4:      layout_basic, kennysheep_little_box,
          grunt_temple_overflow_gold_and_silver, serial_forest,
          infiniplex_forest_clump_long, infiniplex_forest_clump_double,
          infiniplex_forest_lined_room_2, infiniplex_forest_end_2
D:5:      layout_cave_pools, grunt_temple_overflow_diamond,
          kennysheep_generic_room_4
D:6:      layout_cave_pools, minmay_temple_entry_enclosed_plants
D:7:      layout_rooms, enter_bailey_7, minmay_misc_feat_tower
D:8:      layout_basic, serial_rivers, chequers_serial_rivers_micro_c,
          chequers_serial_rivers_micro_c, chequers_serial_rivers_marsh,
          chequers_serial_rivers_room_b, chequers_serial_rivers_micro_e,
          chequers_serial_rivers_small_a, uniq_psyche, uniq_maggie
D:9:      layout_cave_pods, lair_entry_dummy,
          kennysheep_orc_monster_closet_entryway, gammafunk_ghost_stat_death
D:10:     layout_stronghold, okawaru_altar_gauntlet_db
D:11:     layout_loops_ring, gauntlet_entry_generic, uniq_maurice, uniq_sonja
Temple:   nicolae_temple_bog_church
Lair:1:   layout_loops_ring, lemuel_fruit_fields, infiniplex_staircase_pool_2
Lair:2:   layout_cave_pods, nicolae_spider_entry_non_spiders,
          infiniplex_staircase_pool
Lair:3:   layout_cave_shapes, minmay_shoals_entry_centaurs, minmay_hedge_maze
Lair:4:   layout_gridlike, lemuel_fruit_fields
Lair:5:   grunt_lair_end_beastmaster, layout_misc_corridors,
          dpeg_slime_entry_corner, nicolae_lair_liquid_snakes,
          grunt_megastairs_2

Skill      XL: |  1  2  3  4  5  6  7  8  9 10 11 12 13 |
---------------+----------------------------------------+-----
Unarmed Combat | 4 5 6 7 8 9 10 11 12 | 12.6
Invocations    | 2 5 7 8 10 11 | 11.4
Spellcasting   | 3 4 6 |  6.0
Translocations | 3 5 6 7 |  7.1
Fighting       | 5 6 |  6.0
Dodging        | 4 6 |  6.0
Shields        | 8 11 | 11.9
Conjurations   | 3 6 |  6.4

Action                     |  1- 3 |  4- 6 |  7- 9 | 10-12 | 13-15 || total
---------------------------+-------+-------+-------+-------+-------++-------
  Melee: Unarmed           |    95 |   169 |   406 |  1012 |   166 ||  1848
         Tailslap          |    14 |    30 |    78 |   165 |    26 ||   313
         Mace              |    11 |     2 |       |       |       ||    13
  Throw: Javelin           |       |       |     2 |     8 |     4 ||    14
         Dart              |       |       |       |    34 |       ||    34
   Cast: Blink             |       |       |       |     1 |       ||     1
         Iskenderun's Myst |       |       |       |       |     1 ||     1
 Invoke: Minor Destruction |       |       |     2 |       |       ||     2
         Lesser Servant of |       |       |       |    14 |       ||    14
  Evoke: Lightning rod     |       |       |       |     4 |       ||     4
         Wand              |       |       |       |     2 |     6 ||     8
    Use: Scroll            |     6 |     3 |    10 |     6 |     1 ||    26
         Potion            |     3 |     1 |       |     2 |       ||     6
   Stab: Distracted        |       |       |       |     5 |       ||     5
 Armour: Skin              |    25 |    53 |   132 |   177 |    32 ||   419
  Dodge: Dodged            |    45 |    83 |   600 |   767 |   116 ||  1611
  Block: Kite shield       |       |       |       |   461 |   105 ||   566
